 Dungeon Crawl Stone Soup version 0.32-a0-20-ge526923d97 (webtiles) character file.

Game seed: 5648432121244043268

897558 RepHenryClay the Politician (level 27, -24/199 HPs)
             Began as a Gnoll Warper on Jan 14, 2024.
             Was the Champion of Cheibriados.
             Annihilated by a protean progenitor (57 damage)
             ... led by Mnoleg
             ... in Pandemonium on Jan 18, 2024.
             The game lasted 06:10:09 (113390 turns).

RepHenryClay the Politician (Gnoll Warper)        Turns: 113390, Time: 06:10:09

Health: -24/199    AC: 34    Str: 26    XL:     27
Magic:  28/35      EV: 38    Int: 40    God:    Cheibriados [******]
Gold:   9627       SH: 15    Dex: 34    Spells: 5/71 levels left

rFire   + + +        a - +6 trishula (holy)
rCold   + + +        P - +3 buckler of Bad Feelings {rPois rN+++ rCorr Dex-3}
rNeg    + + +        s - +10 pearl dragon scales
rPois   +            Y - +2 hat {Will+}
rElec   +            o - scarf of the Vestibule of Hell {+Inv, rF+ rC++ rN+ Dex-5}
rCorr   +            Q - +2 pair of gloves {hurl}
SInv    .            F - +1 pair of boots of Gozag's Wrath {rPois rF+}
Will    ++++.        O - amulet of Teusmem {Faith rElec rF++ rC+}
Stlth   +++++++++    x - ring "Vibynk" {Fire rPois rCorr Int+5}
HPRegen 0.53/turn    f - ring "Gipleob" {Will+ MP-9 EV+5 Int+7 Dex+4}
MPRegen 0.24/turn

%: random rage (3%), faith
@: mighty, on blink cooldown, fragile (+50% incoming damage), constricted,
studying 6 skills, very slow
A: fangs 1, strong nose, distributed training, camouflage 1, cold resistance 1,
deformed body, deterioration 1, low MP 1, poison resistance, evolution 1,
[berserk 1], [dopey 1], [frail 2], [screaming 1], [inability to drink after
injury 1], [inability to read after injury 1]
}: 9/15 runes: barnacled, slimy, silver, abyssal, glowing, magical, fiery, dark,
gossamer
a: Renounce Religion, Evoke Invisibility, Bend Time, Temporal Distortion,
Slouch, Step From Time


You were in Pandemonium.
You worshipped Cheibriados.
Cheibriados was exalted by your worship.
You visited 12 branches of the dungeon, and saw 56 of its levels.
You visited Pandemonium 4 times, and saw 14 of its levels.
You visited the Abyss 3 times.
You visited 1 bazaar.
You also visited: Ice Cave.

You collected 14403 gold pieces.
You spent 4776 gold pieces at shops.

Inventory:

Hand Weapons
 a - a +6 trishula of holy wrath (weapon)
 b - a +9 demon trident of flaming
Missiles
 d - 7 darts of dispersal
 g - 37 javelins
 t - 12 throwing nets
 R - 5 silver javelins (quivered)
Armour
 i - the +4 robe of the Tundras {Stlth+ Archmagi}
   (You found it on level 3 of the Dungeon)

   Stlth+:    It makes you more stealthy.
   Archmagi:  It increases the power of your magical spells.
 o - the scarf of the Vestibule of Hell (worn) {+Inv, rF+ rC++ rN+ Dex-5}
   (You acquired it on level 13 of the Dungeon)

   Dex-5:     It affects your dexterity (-5).
   rF+:       It protects you from fire.
   rC++:      It greatly protects you from cold.
   rN+:       It protects you from negative energy.
 s - +10 pearl dragon scales (worn)
 F - the +1 pair of boots of Gozag's Wrath (worn) {rPois rF+}
   (You found it on level 1 of the Depths)

   rF+:       It protects you from fire.
   rPois:     It protects you from poison
 P - the +3 buckler of Bad Feelings (worn) {rPois rN+++ rCorr Dex-3}
   (You found it on level 2 of the Shoals)

   Dex-3:     It affects your dexterity (-3).
   rPois:     It protects you from poison rN+++: It renders you almost immune to
   negative energy.
   rCorr:     It protects you from acid and corrosion.
 Q - a +2 pair of gloves of hurling (worn)
 Y - a +2 hat of willpower (worn)
Magical Staves
 V - the staff "Wadiodd" {rC+ SInv Stlth+ Fire Ice}
   (You found it in Pandemonium)

   [staff of cold]

   Base accuracy: +5 Base damage: 5 Base attack delay: 1.2 This weapon's minimum
   attack delay (0.6) is reached at skill level 12.
   rC+:       It protects you from cold.
   SInv:      It lets you see invisible.
   Stlth+:    It makes you more stealthy.
   Fire:      It increases the power of your Fire spells.
   Ice:       It increases the power of your Ice spells.
   It falls into the 'Staves' category.
   It is a one-handed weapon.
Jewellery
 c - the ring "Vemeetih" {rElec rPois AC+4 Str-3}
   (You took it off a mummy priest on level 3 of the Crypt)

   [ring of protection]

   AC+4:      It affects your AC (+4).
   Str-3:     It affects your strength (-3).
   rElec:     It insulates you from electricity.
   rPois:     It protects you from poison
 f - the ring "Gipleob" (right hand) {Will+ MP-9 EV+5 Int+7 Dex+4}
   (You acquired it on level 2 of the Lair of Beasts)

   [ring of evasion]

   EV+5:      It affects your evasion (+5).
   Int+7:     It affects your intelligence (+7).
   Dex+4:     It affects your dexterity (+4).
   Will+:     It increases your willpower.
   MP-9:      It affects your magic capacity (-9).
 u - a ring of protection from fire
 x - the ring "Vibynk" (left hand) {Fire rPois rCorr Int+5}
   (You took it off a balrug in Pandemonium)

   [ring of fire]

   Fire:      It enhances your fire magic.
   Int+5:     It affects your intelligence (+5).
   rF+:       It protects you from fire.
   rC-:       It makes you vulnerable to cold.
   rPois:     It protects you from poison rCorr: It protects you from acid and
   corrosion.
 z - the ring of Moral Flaws {Fly rN+ Int-2 Dex+7 Slay+4}
   (You found it on level 5 of the Pits of Slime)

   [ring of flight]

   Int-2:     It affects your intelligence (-2).
   Dex+7:     It affects your dexterity (+7).
   Slay+4:    It affects your accuracy & damage with ranged weapons and melee
   (+4).
   rN+:       It protects you from negative energy.
   Fly:       It grants you flight.
 O - the amulet of Teusmem (around neck) {Faith rElec rF++ rC+}
   (You bought it in a shop on level 4 of the Vaults)

   [amulet of faith]

   Faith:     It allows you to gain divine favour quickly.
   rF++:      It greatly protects you from fire.
   rC+:       It protects you from cold.
   rElec:     It insulates you from electricity.
 U - an amulet of regeneration
 X - a ring of wizardry
Wands
 m - a wand of digging (8)
 A - a wand of mindburst (33)
 G - a wand of acid (51)
 K - a wand of paralysis (52)
 W - a wand of roots (100)
Scrolls
 e - 3 scrolls of blinking
 j - 14 scrolls of fog
 p - 5 scrolls of butterflies
 r - 8 scrolls of torment
 y - 4 scrolls of teleportation
 C - 2 scrolls of enchant armour
 I - 2 scrolls of revelation
 J - 18 scrolls of fear
 S - a scroll of amnesia
 T - 10 scrolls of immolation
Potions
 h - 15 potions of brilliance
 k - 16 potions of mutation
 l - 8 potions of enlightenment
 q - 7 potions of heal wounds
 v - 13 potions of ambrosia
 w - 9 potions of invisibility
 B - 5 potions of resistance
 D - 3 potions of cancellation
 E - 3 potions of magic
 L - 26 potions of curing
 M - 8 potions of might
Miscellaneous
 n - a lightning rod (4/4)
 H - a phantom mirror
 N - a condenser vane
 Z - a box of beasts


   Skills:
 O Level 27 Fighting
 O Level 27 Short Blades
 + Level 22.7 Long Blades
 + Level 22.1 Axes
 + Level 22.5 Maces & Flails
 + Level 22.7 Polearms
 + Level 22.1 Staves
 + Level 22.1 Ranged Weapons
 + Level 25.5 Throwing
 + Level 22.2 Armour
 + Level 22.5 Dodging
 + Level 22.1 Stealth
 + Level 22.1 Shields
 + Level 22.1 Unarmed Combat
 + Level 22.5 Spellcasting
 + Level 18.9 Conjurations
 + Level 18.9 Hexes
 + Level 18.9 Summonings
 + Level 18.9 Necromancy
 + Level 19.6 Translocations
 + Level 18.9 Fire Magic
 + Level 18.9 Ice Magic
 + Level 21.6 Air Magic
 + Level 18.9 Earth Magic
 + Level 18.9 Alchemy
 + Level 23.8 Invocations
 + Level 22.1 Evocations
 + Level 20.5 Shapeshifting


You had 5 spell levels left.
You knew the following spells:

 Your Spells              Type           Power      Damage    Failure   Level
a - Manifold Assault      Tloc           100%       N/A       0%          4
b - Lesser Beckoning      Tloc           100%       N/A       0%          2
c - Shatter               Erth           57%        3d43*     34%         9
d - Malign Gateway        Summ/Tloc      57%        N/A       1%          7
e - Plasma Beam           Fire/Air       71%        2x1d88    1%          6
f - Teleport Other        Tloc           100%       N/A       0%          3
g - Enfeeble              Hex            57%        N/A       1%          7
h - Iskenderun's Mystic   Conj/Tloc      100%       2d19      0%          4
i - Fire Storm            Conj/Fire      69%        8d18      34%         9
k - Yara's Violent Unrav  Hex/Alch       57%        3d22      0%          5
l - Ignition              Fire           69%        3d18      2%          8
Q - Blink                 Tloc           100%       N/A       0%          2

Your spell library contained the following spells:

 Spells                   Type           Power      Damage    Failure   Level
 Apportation              Tloc           100%       N/A       0%          1
 Freeze                   Ice            100%       1d10      0%          1
 Kiss of Death            Conj/Necr      100%       2d13      0%          1
 Magic Dart               Conj           100%       1d8       0%          1
 Necrotise                Necr           100%       1d9       0%          1
 Sandblast                Erth           100%       2d20      0%          1
 Sting                    Conj/Alch      100%       1d9       0%          1
 Summon Small Mammal      Summ           100%       N/A       0%          1
 Call Imp                 Summ           100%       N/A       0%          2
 Cigotuvi's Dreadful Rot  Necr/Alch/Air  100%       N/A       0%          2
 Ensorcelled Hibernation  Hex/Ice        100%       N/A       0%          2
 Jinxbite                 Hex            100%       N/A       0%          2
 Mercury Vapours          Alch/Air       100%       N/A       0%          2
 Momentum Strike          Conj/Tloc      100%       3d10      0%          2
 Scorch                   Fire           100%       2d9       0%          2
 Static Discharge         Conj/Air       100%       3-8/arc   0%          2
 Sublimation of Blood     Necr           100%       N/A       0%          2
 Call Canine Familiar     Summ           100%       N/A       0%          3
 Dazzling Flash           Conj/Hex       100%       N/A       0%          3
 Frozen Ramparts          Ice            100%       1d16      0%          3
 Fugue of the Fallen      Necr           100%       N/A       0%          3
 Gell's Gravitas          Tloc           100%       N/A       0%          3
 Hailstorm                Conj/Ice       100%       3d16      0%          3
 Inner Flame              Hex/Fire       100%       N/A       0%          3
 Mephitic Cloud           Conj/Alch/Air  100%       N/A       0%          3
 Ozocubu's Armour         Ice            100%       N/A       0%          3
 Passwall                 Erth           100%       N/A       0%          3
 Sigil of Binding         Hex            100%       N/A       0%          3
 Stone Arrow              Conj/Erth      100%       3d13      0%          3
 Summon Ice Beast         Ice/Summ       100%       N/A       0%          3
 Tukima's Dance           Hex            100%       N/A       0%          3
 Airstrike                Air            60%        2d(9-25)  0%          4
 Anguish                  Hex/Necr       57%        N/A       0%          4
 Animate Armour           Summ/Erth      100%       N/A       0%          4
 Animate Dead             Necr           100%       N/A       0%          4
 Brom's Barrelling Bould  Conj/Erth      100%       2d11      0%          4
 Cause Fear               Hex            57%        N/A       0%          4
 Dimensional Bullseye     Hex/Tloc       57%        N/A       0%          4
 Dispel Undead            Necr           100%       3d31      0%          4
 Flame Wave               Conj/Fire      100%       2d21      0%          4
 Ignite Poison            Fire/Alch      100%       N/A       0%          4
 Leda's Liquefaction      Alch/Erth      57%        N/A       0%          4
 Martyr's Knell           Necr/Summ      100%       N/A       0%          4
 Olgreb's Toxic Radiance  Alch           100%       N/A       0%          4
 Passage of Golubria      Tloc           100%       N/A       0%          4
 Petrify                  Alch/Erth      100%       N/A       0%          4
 Sticky Flame             Fire/Alch      100%       2d15      0%          4
 Summon Blazeheart Golem  Fire/Summ      100%       N/A       0%          4
 Summon Lightning Spire   Summ/Air       100%       N/A       0%          4
 Vhi's Electric Charge    Tloc/Air       100%       N/A       0%          4
 Alistair's Intoxication  Alch           76%        N/A       0%          5
 Arcjolt                  Conj/Air       59%        1d69      0%          5
 Borgnjor's Vile Clutch   Necr/Erth      57%        N/A       0%          5
 Curse of Agony           Necr           100%       N/A       0%          5
 Fireball                 Conj/Fire      69%        3d26      0%          5
 Freezing Cloud           Conj/Ice/Air   58%        6-21      0%          5
 Irradiate                Conj/Alch      57%        3d30      0%          5
 Lee's Rapid Deconstruct  Erth           57%        3d27*     0%          5
 Metabolic Englaciation   Hex/Ice        57%        N/A       0%          5
 Silence                  Hex/Air        59%        N/A       0%          5
 Summon Forest            Summ/Tloc      57%        N/A       0%          5
 Summon Mana Viper        Hex/Summ       100%       N/A       0%          5
 Bombard                  Conj/Erth      57%        9d9       1%          6
 Conjure Ball Lightning   Conj/Air       59%        3x3d21    1%          6
 Death Channel            Necr           57%        N/A       1%          6
 Dispersal                Tloc           58%        N/A       1%          6
 Sculpt Simulacrum        Ice/Alch       57%        N/A       1%          6
 Summon Cactus Giant      Summ           57%        N/A       1%          6
 Haunt                    Necr/Summ      57%        N/A       1%          7
 Monstrous Menagerie      Summ           57%        N/A       1%          7
 Ozocubu's Refrigeration  Ice            57%        4d20      1%          7
 Summon Hydra             Summ           57%        N/A       1%          7
 Disjunction              Tloc           58%        N/A       1%          8
 Borgnjor's Revivificati  Necr           57%        N/A       2%          8
 Discord                  Hex            57%        N/A       2%          8
 Infestation              Necr           57%        N/A       2%          8
 Lehudib's Crystal Spear  Conj/Erth      57%        10d13     2%          8
 Chain Lightning          Conj/Air       59%        3d78      21%         9
 Death's Door             Necr           57%        N/A       34%         9
 Dragon's Call            Summ           57%        N/A       34%         9


Dungeon Overview and Level Annotations

Branches:
Dungeon (15/15)            Temple (1/1) D:5            Lair (5/5) D:8
 Shoals (4/4) Lair:2       Spider (4/4) Lair:2        Slime (5/5) Lair:5
    Orc (2/2) D:9             Elf (3/3) Orc:2        Vaults (5/5) D:13
  Crypt (3/3) Vaults:2       Tomb (0/3) Crypt:3      Depths (4/4) D:15
    Zot (5/5) Depths:4      IceCv (visited)

Altars:
Ashenzari
Cheibriados
Dithmenos
Elyvilon
Fedhas
Gozag
Hepliaklqana
Kikubaaqudgha
Makhleb
Nemelex Xobeh
Okawaru
Qazlal
Ru
Sif Muna
Trog
Uskayaw
Vehumet
Wu Jian
Xom
Yredelemnul
Zin
The Shining One
Jiyva
Lugonu

Shops:
D:5 (   D:6 *   Orc:2 =![*   Shoals:1 **   Vaults:3 *=   Vaults:4 [=
Vaults:5 *   Depths:1 =

Portals:
Hell: Depths:1 Depths:2 Depths:3 Depths:4
Abyss: Depths:1 Depths:3
Pandemonium: Depths:2
Ziggurat: Depths:1

Annotations:
Elf:2 1 runed translucent door
Zot:4 6 transporters
Pan Mnoleg


Innate Abilities, Weirdness & Mutations

You have very sharp teeth.
Your uncanny sense of smell can sniff out nearby items.
Your experience applies equally to all skills.
Your skin changes colour to match your surroundings (Stealth+).
Your flesh is cold resistant. (rC+)
Armour fits poorly on your strangely shaped body.
Your body sometimes deteriorates upon taking damage.
Your magical capacity is low. (-10% MP)
Your system is resistant to poisons. (rPois)
You have hidden genetic potential.
[You sometimes lose your temper in combat.]
[You are dopey. (Int -2)]
[You are very frail. (-20% HP)]
[You occasionally shout uncontrollably at your foes.]
[You occasionally lose the ability to drink potions when taking damage.]
[You occasionally lose the ability to read scrolls when taking damage.]


Message History

Aim: Mnoleg (flame, severely wounded, misshapen and mutated, 52% to hit, chaotic)
You throw a silver javelin.
The silver javelin barely misses the tentacled monstrosity.
The silver javelin misses the sixfirhy.
The silver javelin misses Mnoleg.
The silver javelin pierces through the glass eye!!!
You kill the glass eye!
The glass eye disappears in a puff of smoke!
You block the protean progenitor's attack.
Mnoleg is engulfed in blazing flames.
Mnoleg gestures.
The dungeon shakes, a horrible noise fills the air, and a portal to some otherworldly place is opened!
The large abomination is engulfed in blazing flames.
The tentacled monstrosity closely misses you.
You block the tentacled monstrosity's attack.
The tentacled monstrosity tentacle-slaps you!
The tentacled monstrosity grabs you.
The tentacled monstrosity constricts you.
An orange demon comes into view.
Damage: -7%(-13hp) hp: 45%(89hp) Throw: 6 javelins (silver)
Press: ? - help, Q - select action, (/) - cycle Shift-Dir - straight line, f/p - Mnoleg
Aim: Mnoleg (flame, almost dead, misshapen and mutated, 52% to hit, chaotic)
You throw a silver javelin.
The silver javelin pierces through the tentacled monstrosity!!!
The tentacled monstrosity is heavily wounded.
The silver javelin misses Mnoleg.
The protean progenitor stings you!!
* * * LOW HITPOINT WARNING * * *
A demonic crawler comes into view.
Mnoleg is engulfed in blazing flames.
Mnoleg gestures.
The balrug gestures at you. Makhleb smites you!
* * * LOW HITPOINT WARNING * * *
The tentacled monstrosity closely misses you.
The tentacled monstrosity tentacle-slaps you but does no damage.
You block the tentacled monstrosity's attack.
The tentacled monstrosity constricts you.
The large abomination is engulfed in blazing flames.
The protean progenitor tentacle-slaps you!!!
You die...

#... ... ∆ ##...
... #'# ##6##
##.XC## .#.§X3@##
...2.s.2XXXG##
#......X.X3X§#
.......&G§X∩§.# ∆
...+(..§.§.§§.4.3
..
#(§.§§G....#### .
#(........##
#.....((.##
###+#####


You could see Mnoleg (misshapen), 4 tentacled monstrosities, a demonspawn blood
saint, a protean progenitor (fast, strong, drained), a balrug (fast), a blizzard
demon, a demonic crawler, an orange demon, 3 glass eyes, 5 large abominations
and 2 sixfirhies.

Vanquished Creatures
  Cerebov (Pan)
  the Royal Jelly (Slime:5)
  Dissolution (Slime:3)
  Gloorx Vloq (Pan)
  Lom Lobon (Pan)
  4 dread liches
  3 orbs of fire (Zot:5)
  3 ancient liches
  4 juggernauts
  Mennas (Crypt:1)
  Bai Suzhen (Shoals:3)
  Saint Roka (Elf:2)
  3 Killer Klowns (Zot:5)
  2 pandemonium lords (Pan)
  Margery (Crypt:1)
  2 caustic shrikes (Depths:4)
  5 golden dragons
  2 profane servitors (Crypt:3)
  the Enchantress (Depths:3)
  Norris (Depths:1)
  3 Tzitzimimeh (Pan)
  A hellephant (Crypt:1)
  4 Brimstone Fiends (Pan)
  14 Orb Guardians (Zot:5)
  13 tentacled monstrosities
  2 Hell Sentinels (Pan)
  Jorgrun (Shoals:2)
  5 electric golems
  An Ice Fiend (Pan)
  9 liches
  Zenata (Vaults:1)
  3 walking crystal tomes (Depths:4)
  13 quicksilver dragons
  4 sphinxes
  Asterion (Vaults:3)
  2 walking frostbound tomes
  A walking earthen tome (Depths:4)
  2 deep elf blademasters
  23 acid blobs
  8 titans
  Gastronok (D:10)
  14 Executioners (Pan)
  5 krakens
  5 ancient champions
  5 death cobs
  19 storm dragons
  Kirke (D:15)
  Ilsuiw (Shoals:3)
  A nagaraja (Pan)
  11 shadow dragons
  13 tengu reavers
  Donald (Elf:3)
  10 azure jellies
  14 rockslimes
  4 revenants
  8 demonspawn warmongers (Pan)
  8 protean progenitors
  12 fire giants
  4 emperor scorpions
  4 draconian knights
  A fenstrider witch (Pan)
  3 iron dragons
  18 frost giants
  9 vault wardens
  5 deep elf sorcerers
  3 draconian shifters
  4 draconian monks
  6 draconian scorchers
  2 caustic shrike zombies
  11 ghost moths
  5 deep elf elementalists (Elf:3)
  5 curse skulls
  6 ghouls
  A juggernaut zombie (Crypt:3)
  26 balrugs (Pan)
  Louise (D:14)
  17 ironbound preservers
  4 demonspawn blood saints (Pan)
  8 cacodemons (Pan)
  An angel (Shoals:4)
  The ghost of mooti9 the Spry, a journeyman MfBe of Trog (D:8)
  A draconian stormcaller (Zot:2)
  3 formless jellyfish
  9 quicksilver oozes
  8 draconian annihilators
  20 reapers
  34 very ugly things
  7 broodmothers
  8 ironbound thunderhulks
  17 stone giants
  7 demonspawn corrupters (Pan)
  9 deep elf demonologists
  7 caustic shrike skeletons
  5 spriggan defenders
  Nessos (D:15)
  13 deep elf death magi
  3 juggernaut skeletons (Pan)
  6 green draconians
  8 demonspawn black suns (Pan)
  7 red draconians
  11 black draconians
  10 vampire knights
  9 yellow draconians
  9 deep elf annihilators
  13 dire elephants
  4 war gargoyles
  4 lorocyprocas
  14 spark wasps
  4 eidola
  8 purple draconians
  4 white draconians
  18 blizzard demons (Pan)
  13 merfolk javelineers
  15 fire dragons
  12 merfolk impalers
  3 mummy priests (Crypt:3)
  16 green deaths (Pan)
  12 jiangshi
  21 ettins
  A spriggan zombie (Crypt:2)
  16 yaktaur captains
  13 great orbs of eyes
  8 deep elf high priests
  6 entropy weavers
  The ghost of GreenGuy14 the Severer, a journeyman HOFi of Beogh (D:10)
  Erolcha (D:12)
  5 ice dragons
  A peacekeeper (Vaults:4)
  6 hydras
  13 rakshasas
  2 caustic shrike simulacra
  6 jorogumos
  2 alligators (Pan)
  4 hell beasts (Pan)
  7 spriggan air magi
  36 vault guards
  7 ironbound frosthearts
  A spriggan skeleton (Crypt:2)
  A juggernaut simulacrum (Abyss:3)
  2 catoblepae
  12 boulder beetles
  6 two-headed ogres
  A bennu zombie (Crypt:2)
  4 death knights
  9 centaur warriors
  An alligator snapping turtle (Shoals:4)
  5 radroaches
  3 ogre magi
  3 merfolk avatars
  9 merfolk aquamancers
  A sphinx zombie (Crypt:3)
  11 deep troll earth magi
  11 deep troll shamans
  The ghost of VoidStrider the Thaumaturge, a novice OnFE (D:8)
  A holy swine (Shoals:3)
  4 tengu warriors
  5 vampire magi
  13 demonic crawlers
  6 death scarabs
  An orc high priest (Elf:1)
  A satyr (Shoals:4)
  8 death yaks
  6 thrashing horrors
  33 dancing weapons
  6 spriggan berserkers
  A hell hog (Abyss:3)
  41 soul eaters
  3 occultists
  19 hell knights
  3 shock serpents (Pan)
  A storm dragon zombie (Crypt:2)
  4 skysharks
  16 deep elf knights
  5 hellephant skeletons (Pan)
  12 iron trolls
  5 pharaoh ants
  6 shadow wraiths (Crypt:3)
  2 death drakes (Vaults:1)
  6 skeletal warriors
  82 sun demons (Pan)
  16 sixfirhies
  A salamander mystic (Depths:2)
  A spatial maelstrom (Abyss:4)
  A skyshark (shapeshifter) (Vaults:5)
  4 cherubim (Shoals:4)
  5 wretched stars
  A bunyip zombie (Crypt:1)
  9 sea snakes
  3 flayed ghosts
  8 shadow demons (Pan)
  The ghost of anacleto the Mimic, a novice MfSh of the Shining One (D:8)
  56 deep trolls
  A sea snake (shapeshifter) (D:15)
  10 orb spiders
  110 slime creatures
  8 arcanists
  7 glowing orange brains
  An orange crystal statue (Depths:1)
  A mana viper (shapeshifter) (Vaults:5)
  A bog body (IceCv)
  A mana viper (Vaults:1)
  8 steelbarb worms
  2 bunyip skeletons (Crypt:2)
  15 deep elf archers
  16 sun moths
  12 ironbound convokers
  42 deep elf zephyrmancers
  9 lindwurms
  16 harpies
  11 phantasmal warriors
  28 deep elf pyromancers
  2 orc knights
  A shadow dragon zombie (Crypt:2)
  10 necromancers
  The ghost of indigowater the Magician, a novice DjFE of Makhleb (D:8)
  17 manticores
  5 shining eyes
  11 cyclopes
  2 salamanders (Depths:2)
  3 orc sorcerers
  4 worldbinders
  22 wolf spiders
  A faun (Shoals:1)
  A faun (shapeshifter) (Depths:4)
  9 merfolk sirens
  A jorogumo skeleton (Crypt:1)
  37 ugly things
  27 moths of wrath
  4 ice statues
  A stone giant skeleton (Abyss:3)
  An elephant (shapeshifter) (Elf:2)
  3 rust devils
  9 meliai (Spider:2)
  An apocalypse crab (Abyss:4)
  A fire giant skeleton (Crypt:1)
  2 kobold blastminers (Orc:2)
  16 elephants
  19 vault sentinels
  A water nymph (shapeshifter) (Depths:3)
  8 black mambas
  34 smoke demons
  2 water nymphs
  2 eyes of devastation
  13 orange demons
  2 naga magi (Vaults:1)
  Joseph (D:9)
  31 large abominations
  8 hellions
  Jeremiah (D:9)
  The ghost of zenocrate the Sneak, a novice VSEn (D:8)
  A torpor snail (Spider:4)
  2 alligator snapping turtle zombies
  14 cane toads
  An orb spider zombie (Crypt:3)
  A white draconian zombie (Crypt:2)
  An alligator snapping turtle skeleton (Crypt:1)
  A mana viper skeleton (Crypt:3)
  3 rime drakes
  2 unseen horrors
  A green draconian zombie (Crypt:3)
  7 komodo dragons
  An anaconda simulacrum (Crypt:3)
  3 kobold demonologists
  10 freezing wraiths
  23 efreet
  4 ancient zymes
  30 yaktaurs
  2 tormentors (Pan)
  4 tengu conjurers
  Psyche (D:9)
  3 red devils (Pan)
  5 ice devils
  28 hellwings (Pan)
  5 wind drakes
  15 guardian mummies (Crypt:3)
  A polar bear (Lair:5)
  A silent spectre (Abyss:3)
  42 merfolk
  A merfolk (shapeshifter) (Depths:2)
  A queen bee (Spider:2)
  A death drake skeleton (Crypt:3)
  4 trolls
  3 hornets
  4 tyrant leeches (Spider:2)
  4 glass eyes
  A raiju (shapeshifter) (Vaults:5)
  5 snapping turtles
  28 tarantellas
  A radroach zombie (Crypt:3)
  6 dream sheep
  A centaur simulacrum (Crypt:3)
  A fire dragon zombie (Crypt:2)
  3 raiju (Abyss:4)
  7 blink frogs
  A satyr skeleton (Crypt:3)
  2 air elementals
  28 jumping spiders
  18 shadows
  A dire elephant simulacrum (IceCv)
  2 spriggans (Depths:3)
  2 ettin skeletons (Abyss:3)
  2 jumping spiders (shapeshifter)
  18 culicivoras
  2 fire elementals
  12 water elementals
  8 wraiths
  7 wyverns
  24 ynoxinuls
  5 ushabtiu (Crypt:3)
  6 golden eyes
  3 hogs (D:15)
  A human (shapeshifter) (D:15)
  42 yaks
  6 basilisks
  2 humans (D:13)
  An alligator snapping turtle simulacrum (Vaults:1)
  A warg (Vaults:5)
  63 redbacks
  8 vampire mosquitoes
  A steam dragon (D:7)
  A death yak simulacrum (IceCv)
  18 chaos spawn
  13 neqoxecs
  A glowing shapeshifter zombie (Vaults:3)
  4 swamp worms (Lair:4)
  A spatial vortex (Abyss:4)
  A merfolk zombie (Crypt:3)
  15 water moccasins
  3 acid dragons
  3 hydra simulacra (Vaults:1)
  36 orc warriors
  2 ice beasts
  9 black bears
  A fire dragon simulacrum (Vaults:1)
  22 laughing skulls
  4 ogres
  A lindwurm zombie (Crypt:1)
  3 boggarts (Vaults:1)
  4 small abominations
  26 centaurs
  22 starcursed masses
  22 wolves
  11 kobold brigands
  5 phantoms
  2 weeping skulls (Abyss:2)
  3 brain worms
  8 bullfrogs
  6 earth elementals
  A salamander skeleton (Crypt:3)
  A two-headed ogre simulacrum (IceCv)
  3 gnoll sergeants
  6 scorpions
  A deep troll simulacrum (Vaults:1)
  2 water moccasin zombies (D:6)
  A hornet simulacrum (D:15)
  19 wights
  A cyclops skeleton (Crypt:2)
  30 killer bees
  A snapping turtle simulacrum (Vaults:1)
  An elephant simulacrum (IceCv)
  A polar bear skeleton (Crypt:2)
  A howler monkey (D:8)
  A centaur zombie (D:6)
  A hound (D:5)
  4 jellies
  A crimson imp (D:6)
  2 bullfrog zombies (D:6)
  3 bullfrog skeletons (D:6)
  4 centaur skeletons (D:6)
  16 orc priests
  4 iguanas
  A sleepcap (D:5)
  Terence (D:2)
  11 orc wizards
  7 hell rats (Lair:4)
  A troll simulacrum (IceCv)
  A killer bee zombie (D:6)
  A tengu skeleton (Crypt:1)
  A mummy (D:6)
  A howler monkey zombie (D:6)
  6 adders
  18 gnolls
  2 naga simulacra (IceCv)
  13 white imps
  4 ufetubi
  A lava snake skeleton (Crypt:2)
  2 dart slugs
  A ribbon worm (D:3)
  61 orcs
  11 endoplasms
  10 giant cockroaches
  6 hobgoblins
  4 jackals (D:2)
  32 kobolds
  4 quokkas
  6 ball pythons (D:1)
  4 bats
  A dart slug zombie (Crypt:2)
  2 frilled lizards
  5 goblins
  A goblin skeleton (Crypt:3)
  2 hobgoblin zombies (D:6)
  2 kobold zombies (D:6)
  4 rats
  An aspiring flesh (Zot:4)
  4 ball lightnings (Pan)
  A fire vortex (Pan)
  13 tentacles
3174 creatures vanquished.

Vanquished Creatures (collateral kills)
  3 dread liches (Zot:5)
  2 ancient liches (Zot:5)
  An orb of fire (Zot:5)
  3 Killer Klowns
  A curse toe (Zot:3)
  2 golden dragons
  A Tzitzimitl (Pan)
  An electric golem (Zot:5)
  4 tentacled monstrosities
  10 Orb Guardians (Zot:5)
  A death cob (Zot:3)
  A sphinx (Vaults:5)
  2 ancient champions (Crypt:3)
  4 storm dragons
  A shadow dragon (Zot:2)
  A tengu reaver (Vaults:5)
  4 protean progenitors
  A balrug (Pan)
  3 draconian knights
  A draconian shifter (Zot:5)
  A vault warden (Vaults:5)
  A ghost moth (Zot:3)
  A draconian stormcaller (Zot:3)
  5 green draconians
  A deep elf annihilator (Vaults:5)
  A purple draconian (Zot:3)
  2 white draconians
  2 red draconians (Zot:5)
  A mummy priest (Crypt:3)
  2 spriggan air magi (Depths:3)
  2 shock serpents (Zot:2)
  2 sun demons (Pan)
  2 skysharks (Zot:5)
  An iron troll (Depths:1)
  A goliath frog (Pan)
  A deep troll (Zot:5)
  An ironbound convoker (Vaults:5)
  2 sun moths (Pan)
  An ugly thing (Depths:1)
  A cyclops (Zot:2)
  2 moths of wrath (Zot:2)
  An eye of devastation (Slime:1)
  A guardian mummy (Crypt:3)
  A slime creature (Slime:3)
  3 spriggans (Depths:3)
  A ynoxinul (Pan)
  A killer bee (Spider:2)
  5 aspiring fleshes
  2 ball lightnings (Pan)
  A fire vortex (Pan)
96 creatures vanquished.

Vanquished Creatures (others)
  An orb of fire (Zot:5)
  An ancient lich (Zot:5)
  A Killer Klown (Zot:5)
  The ghost of Lobster4 the Warrior, an adept HuAr of Nemelex Xobeh (Vaults:4)
  A tentacled monstrosity (Zot:5)
  An Orb Guardian (Zot:5)
  55 eldritch tentacles
  A storm dragon (Zot:5)
  A nagaraja (Pan)
  A demonspawn blood saint (Pan)
  A red draconian (Zot:2)
  An occultist (Depths:1)
  A wretched star (Abyss:3)
  2 deep elf knights
  A shadow wraith (Vaults:5)
  A sun demon (Pan)
  A sixfirhy (Pan)
  A deep troll (Vaults:4)
  A mana viper (Vaults:1)
  A sun moth (Pan)
  A shadow demon (Pan)
  3 deep elf zephyrmancers
  A deep elf archer (Elf:3)
  2 deep elf pyromancers (Elf:2)
  An orc sorcerer (Elf:3)
  A moth of wrath (Zot:5)
  2 efreet (Pan)
  A ynoxinul (Pan)
  A yak (Pan)
  A water elemental (Elf:3)
  A wolf (Lair:2)
  An iron imp (Pan)
  A white imp (Lair:2)
  12 ball lightnings (Pan)
  46 fire vortices
  35 tentacles
185 creatures vanquished.

Grand Total: 3455 creatures vanquished

Notes
Turn   | Place    | Note
-------+----------+-------------------------------------------
     0 | D:1      | RepHenryClay the Gnoll Warper began the quest for the Orb.
     0 | D:1      | Reached XP level 1. HP: 20/20 MP: 6/6
   107 | D:1      | Reached XP level 2. HP: 23/26 MP: 7/7
   652 | D:1      | Reached skill level 5 in Spellcasting
   652 | D:1      | Reached XP level 3. HP: 12/31 MP: 7/9
   658 | D:1      | Learned a level 2 spell: Blink
   661 | D:1      | Learned a level 2 spell: Lesser Beckoning
   782 | D:2      | Reached skill level 1 in Invocations
   851 | D:1      | Reached skill level 1 in Short Blades
   851 | D:1      | Reached skill level 1 in Long Blades
   851 | D:1      | Reached skill level 1 in Axes
   851 | D:1      | Reached skill level 1 in Polearms
   851 | D:1      | Reached skill level 1 in Staves
   851 | D:1      | Reached skill level 1 in Ranged Weapons
   851 | D:1      | Reached skill level 1 in Stealth
   851 | D:1      | Reached skill level 1 in Shields
   851 | D:1      | Reached skill level 1 in Unarmed Combat
   851 | D:1      | Reached skill level 1 in Evocations
   911 | D:2      | Reached skill level 1 in Shapeshifting
   911 | D:2      | Reached XP level 4. HP: 18/38 MP: 11/11
  1114 | D:2      | Noticed Terence
  1133 | D:2      | Killed Terence
  1134 | D:2      | Reached skill level 1 in Conjurations
  1134 | D:2      | Reached skill level 1 in Hexes
  1134 | D:2      | Reached skill level 1 in Summonings
  1134 | D:2      | Reached skill level 1 in Necromancy
  1134 | D:2      | Reached skill level 1 in Fire Magic
  1134 | D:2      | Reached skill level 1 in Ice Magic
  1134 | D:2      | Reached skill level 1 in Air Magic
  1134 | D:2      | Reached skill level 1 in Earth Magic
  1134 | D:2      | Reached skill level 1 in Alchemy
  1240 | D:2      | Identified the +0 chain mail of the Playwright {rF+ MP-9
                  | Str+5}
  1317 | D:2      | Noticed a great orb of eyes
  1319 | D:2      | Found a faded altar of an unknown god.
  1330 | D:2      | Noticed an eye of devastation
  1336 | D:2      | Noticed a glass eye
  1339 | D:2      | Noticed a golden eye
  1528 | D:3      | Reached XP level 5. HP: 43/43 MP: 12/12
  1530 | D:3      | Identified the +4 robe of the Tundras {Stlth+ Archmagi}
  2069 | D:3      | Reached XP level 6. HP: 42/50 MP: 10/13
  2581 | D:4      | Reached skill level 5 in Fighting
  2581 | D:4      | Reached skill level 5 in Maces & Flails
  2581 | D:4      | Reached skill level 5 in Dodging
  3186 | D:4      | Found a white marble altar of Elyvilon.
  3899 | D:4      | HP: 2/47 [wight/+5 short sword of freezing (1)]
  4072 | D:5      | Entered Level 5 of the Dungeon
  4074 | D:5      | Noticed a black bear
  4117 | D:5      | Found a hazy altar of Hepliaklqana.
  4128 | D:5      | Reached XP level 7. HP: 36/54 MP: 15/15
  4193 | D:4      | Learned a level 4 spell: Manifold Assault
  4198 | D:4      | Learned a level 4 spell: Vhi's Electric Charge
  4214 | D:5      | Found a staircase to the Ecumenical Temple.
  4220 | Temple   | Entered the Ecumenical Temple
  4792 | D:5      | Found Deuxtiecs's Antique Weapon Shoppe.
  5078 | D:6      | Reached XP level 8. HP: 63/63 MP: 16/16
  5458 | D:6      | Learned a level 3 spell: Mephitic Cloud
  5461 | D:6      | Learned a level 2 spell: Mercury Vapours
  5703 | D:6      | Found Tinem's Assorted Antiques.
  5788 | D:6      | Found a burning altar of Makhleb.
  5788 | D:6      | Found a shimmering altar of Xom.
  6133 | D:6      | Found a bloodstained altar of Trog.
  6160 | D:6      | Reached XP level 9. HP: 51/69 MP: 1/18
  6522 | D:6      | Bought 2 potions of curing for 180 gold pieces
  6529 | D:6      | Found a snail-covered altar of Cheibriados.
  6535 | D:6      | Found a glowing golden altar of the Shining One.
  6750 | D:6      | Became a worshipper of Cheibriados the Contemplative
  6853 | D:6      | Reached skill level 5 in Throwing
  6853 | D:6      | Reached skill level 5 in Armour
  7457 | D:6      | Reached * piety under Cheibriados
  7556 | D:7      | Reached skill level 5 in Invocations
  8714 | D:8      | Reached skill level 5 in Short Blades
  8714 | D:8      | Reached skill level 5 in Long Blades
  8714 | D:8      | Reached skill level 5 in Axes
  8714 | D:8      | Reached skill level 5 in Polearms
  8714 | D:8      | Reached skill level 5 in Staves
  8714 | D:8      | Reached skill level 5 in Ranged Weapons
  8714 | D:8      | Reached skill level 5 in Stealth
  8714 | D:8      | Reached skill level 5 in Shields
  8714 | D:8      | Reached skill level 5 in Unarmed Combat
  8714 | D:8      | Reached skill level 5 in Evocations
  8714 | D:8      | Reached XP level 10. HP: 60/77 MP: 20/20
  8751 | D:7      | Reached ** piety under Cheibriados
  9269 | D:8      | Found a runed translucent gate.
  9272 | D:8      | Noticed anacleto's ghost (novice MfSh)
  9274 | D:8      | Found a runed translucent gate.
  9274 | D:8      | Noticed VoidStrider's ghost (novice OnFE)
  9274 | D:8      | Noticed mooti9's ghost (journeyman MfBe)
  9274 | D:8      | Noticed indigowater's ghost (novice DjFE)
  9275 | D:8      | Found a runed translucent gate.
  9275 | D:8      | Noticed zenocrate's ghost (novice VSEn)
  9413 | D:8      | Found a staircase to the Lair.
  9459 | D:8      | Noticed a two-headed ogre
  9467 | D:8      | Killed a two-headed ogre
  9468 | D:8      | Reached skill level 5 in Shapeshifting
 10807 | Lair:1   | Entered Level 1 of the Lair of Beasts
 10809 | Lair:1   | Noticed a cane toad
 10830 | Lair:1   | Killed a cane toad
 11331 | Lair:1   | Reached *** piety under Cheibriados
 11515 | Lair:1   | Reached skill level 5 in Conjurations
 11515 | Lair:1   | Reached skill level 5 in Hexes
 11515 | Lair:1   | Reached skill level 5 in Summonings
 11515 | Lair:1   | Reached skill level 5 in Necromancy
 11515 | Lair:1   | Reached skill level 5 in Fire Magic
 11515 | Lair:1   | Reached skill level 5 in Ice Magic
 11515 | Lair:1   | Reached skill level 5 in Air Magic
 11515 | Lair:1   | Reached skill level 5 in Earth Magic
 11515 | Lair:1   | Reached skill level 5 in Alchemy
 11515 | Lair:1   | Reached XP level 11. HP: 85/85 MP: 18/22
 11547 | Lair:1   | Noticed a catoblepas
 11570 | Lair:1   | Killed a catoblepas
 12191 | Lair:2   | Found a hole to the Spider Nest.
 12273 | Lair:2   | Identified a scroll of acquirement
 12273 | Lair:2   | Acquired the ring "Gipleob" {Will+ MP-9 EV+5 Int+7 Dex+4}
 12413 | Lair:2   | Found a frozen archway.
 12413 | Lair:2   | Reached **** piety under Cheibriados
 12440 | IceCv    | Entered an ice cave
 12642 | IceCv    | Learned a level 3 spell: Teleport Other
 13549 | IceCv    | Noticed a necromancer
 13550 | IceCv    | Noticed a bog body
 13552 | IceCv    | Killed a bog body
 13555 | IceCv    | Killed a necromancer
 13990 | Lair:2   | Noticed a lindwurm
 14012 | Lair:2   | Killed a lindwurm
 14013 | Lair:2   | Reached XP level 12. HP: 41/94 MP: 11/24
 14652 | Lair:2   | Found a staircase to the Shoals.
 15268 | Lair:3   | Reached ***** piety under Cheibriados
 15294 | Lair:3   | Noticed a five-headed hydra
 15352 | Lair:3   | Killed a five-headed hydra
 15879 | Lair:4   | Noticed a seven-headed hydra
 15901 | Lair:4   | Killed a seven-headed hydra
 16360 | Lair:4   | Noticed a seven-headed hydra
 16704 | Lair:4   | Noticed a six-headed hydra
 16723 | Lair:4   | Killed a six-headed hydra
 16855 | Lair:4   | Noticed a five-headed hydra
 16874 | Lair:4   | Killed a five-headed hydra
 17079 | Lair:4   | Killed a seven-headed hydra
 17259 | Lair:4   | Reached XP level 13. HP: 101/101 MP: 17/26
 17409 | Lair:4   | Learned a level 5 spell: Freezing Cloud
 18217 | Lair:4   | Reached ****** piety under Cheibriados
 18406 | Lair:5   | Entered Level 5 of the Lair of Beasts
 18604 | Lair:5   | Reached skill level 10 in Spellcasting
 19012 | Lair:5   | Reached skill level 10 in Fighting
 19012 | Lair:5   | Reached skill level 10 in Maces & Flails
 19012 | Lair:5   | Reached skill level 10 in Dodging
 19594 | Lair:5   | Reached skill level 10 in Invocations
 19594 | Lair:5   | Reached XP level 14. HP: 110/110 MP: 13/28
 19897 | Lair:5   | Found a viscous altar of Jiyva.
 19901 | Lair:5   | Found a staircase to the Slime Pits.
 20073 | Lair:5   | Noticed a dire elephant
 20084 | Lair:5   | Killed a dire elephant
 20207 | Lair:5   | Found the +2 hood of the Assassin {Detect Stab+ Stlth++}
 20227 | Lair:5   | Identified the ring "Lotheaps" {rN+ Int+2}
 20464 | D:8      | Killed mooti9's ghost
 20471 | D:8      | Killed indigowater's ghost
 20472 | D:8      | Killed VoidStrider's ghost
 20475 | D:8      | Killed anacleto's ghost
 20484 | D:8      | Killed zenocrate's ghost
 20710 | D:9      | Noticed Jeremiah
 20727 | D:9      | Killed Jeremiah
 20905 | D:9      | Noticed Psyche
 20911 | D:9      | Killed Psyche
 21183 | D:9      | Noticed Joseph
 21192 | D:9      | Killed Joseph
 21243 | D:9      | Found a staircase to the Orcish Mines.
 21336 | D:9      | Reached skill level 10 in Throwing
 21336 | D:9      | Reached skill level 10 in Armour
 21509 | Orc:1    | Entered Level 1 of the Orcish Mines
 21671 | Orc:2    | Entered Level 2 of the Orcish Mines
 21707 | Orc:2    | Found a staircase to the Elven Halls.
 22505 | Orc:2    | Found Fydyot's Armour Emporium.
 22505 | Orc:2    | Found Kulej's Distillery.
 22507 | Orc:2    | Found Ecymm's Jewellery Shop.
 22509 | Orc:2    | Found Lacwiut's General Store.
 22514 | Orc:2    | Bought a potion of cancellation for 96 gold pieces
 22514 | Orc:2    | Bought a potion of might for 48 gold pieces
 22514 | Orc:2    | Bought a potion of heal wounds for 60 gold pieces
 22514 | Orc:2    | Bought a potion of curing for 36 gold pieces
 22514 | Orc:2    | Bought a potion of curing for 36 gold pieces
 22514 | Orc:2    | Bought a potion of curing for 36 gold pieces
 22863 | D:10     | Entered Level 10 of the Dungeon
 22901 | D:10     | Reached skill level 10 in Translocations
 23034 | D:10     | Noticed Gastronok
 23040 | D:10     | Killed Gastronok
 23405 | D:10     | Found a runed translucent door.
 23406 | D:10     | Noticed GreenGuy14's ghost (journeyman HOFi)
 23663 | D:10     | Killed GreenGuy14's ghost
 23743 | D:11     | Reached skill level 10 in Short Blades
 23743 | D:11     | Reached skill level 10 in Long Blades
 23743 | D:11     | Reached skill level 10 in Axes
 23743 | D:11     | Reached skill level 10 in Polearms
 23743 | D:11     | Reached skill level 10 in Staves
 23743 | D:11     | Reached skill level 10 in Ranged Weapons
 23743 | D:11     | Reached skill level 10 in Stealth
 23743 | D:11     | Reached skill level 10 in Shields
 23743 | D:11     | Reached skill level 10 in Unarmed Combat
 23743 | D:11     | Reached skill level 10 in Evocations
 24201 | D:11     | Reached XP level 15. HP: 112/118 MP: 15/30
 24818 | D:12     | Noticed Erolcha
 24824 | D:12     | Killed Erolcha
 26492 | D:13     | Acquired the scarf of the Vestibule of Hell {+Inv, rF+ rC++
                  | rN+ Dex-5}
 26507 | D:13     | Acquired 908 gold pieces
 26508 | D:13     | Acquired the +4 demon whip of Wealth {flame, rF- Str+8
                  | Int+6}
 26718 | D:13     | Found a gate to the Vaults.
 26760 | D:14     | Noticed Louise
 26781 | D:14     | Killed Louise
 27832 | D:15     | Entered Level 15 of the Dungeon
 27832 | D:15     | Noticed Nessos
 27841 | D:15     | Killed Nessos
 28890 | D:15     | Reached skill level 10 in Shapeshifting
 29028 | D:15     | Reached XP level 16. HP: 127/127 MP: 21/32
 29041 | D:15     | Found a staircase to the Depths.
 29196 | D:15     | Noticed Kirke
 29215 | D:15     | Killed Kirke
 29614 | Shoals:1 | Entered Level 1 of the Shoals
 29641 | Shoals:1 | Found Seonageu's General Store.
 29646 | Shoals:1 | Found Egeloe's Specific Store.
 29771 | Shoals:1 | Bought a scroll of teleportation for 48 gold pieces
 29836 | Shoals:1 | Noticed a kraken
 30791 | Shoals:1 | Killed a kraken
 31046 | Shoals:2 | Noticed a kraken
 31067 | Shoals:2 | Killed a kraken
 31418 | Shoals:2 | Noticed a kraken
 32051 | Shoals:2 | Noticed Jorgrun
 32090 | Shoals:2 | Killed Jorgrun
 32595 | Shoals:2 | Noticed a kraken
 32833 | Shoals:2 | Killed a kraken
 33013 | Shoals:2 | Identified the +3 buckler of Bad Feelings {rPois rN+++
                  | rCorr Dex-3}
 33030 | Shoals:2 | Noticed a kraken
 33066 | Shoals:2 | Killed a kraken
 33274 | Shoals:3 | Noticed Ilsuiw
 33293 | Shoals:3 | Killed Ilsuiw
 33294 | Shoals:3 | Reached XP level 17. HP: 90/135 MP: 4/33
 33673 | Shoals:3 | Reached skill level 10 in Conjurations
 33673 | Shoals:3 | Reached skill level 10 in Hexes
 33673 | Shoals:3 | Reached skill level 10 in Summonings
 33673 | Shoals:3 | Reached skill level 10 in Necromancy
 33673 | Shoals:3 | Reached skill level 10 in Fire Magic
 33673 | Shoals:3 | Reached skill level 10 in Ice Magic
 33673 | Shoals:3 | Reached skill level 10 in Air Magic
 33673 | Shoals:3 | Reached skill level 10 in Earth Magic
 33673 | Shoals:3 | Reached skill level 10 in Alchemy
 34260 | Shoals:4 | Entered Level 4 of the Shoals
 34429 | Shoals:4 | Learned a level 4 spell: Iskenderun's Mystic Blast
 34435 | Shoals:4 | Learned a level 5 spell: Irradiate
 34442 | Shoals:4 | Noticed a kraken
 34466 | Shoals:4 | Learned a level 5 spell: Fireball
 34555 | Shoals:4 | Killed a kraken
 35091 | Shoals:4 | Found a glowing silver altar of Zin.
 35231 | Shoals:4 | Got a barnacled rune of Zot
 35347 | Shoals:4 | Identified the +1 chain mail of the Ward {rN+}
 35575 | Shoals:4 | Noticed Bai Suzhen
 36047 | Shoals:3 | Killed Bai Suzhen
 36398 | Shoals:4 | Found a white marble altar of Elyvilon.
 36509 | Shoals:4 | Found a glowing golden altar of the Shining One.
 36597 | Shoals:4 | Got the Tome of Ruinous Concoctions
 36672 | Shoals:4 | Identified the +5 dagger "Pimuffee" {venom, rC++ rN+ Str+3}
 37055 | Shoals:4 | Found a white marble altar of Elyvilon.
 37173 | Shoals:4 | Found a glowing silver altar of Zin.
 37256 | Shoals:4 | Found a glowing golden altar of the Shining One.
 37675 | Spider:1 | Entered Level 1 of the Spider Nest
 38278 | Spider:1 | Reached XP level 18. HP: 143/143 MP: 10/35
 40515 | Spider:3 | Identified the +2 robe of Refuge {Dex+3}
 42398 | Spider:4 | Entered Level 4 of the Spider Nest
 42543 | Spider:4 | Identified the +0 plate armour of the Sun {Int+4}
 43022 | Spider:4 | Reached XP level 19. HP: 116/151 MP: 15/37
 44335 | Spider:4 | Reached skill level 15 in Short Blades
 44512 | Spider:4 | Got a gossamer rune of Zot
 45023 | Vaults:1 | Entered Level 1 of the Vaults
 45077 | Vaults:1 | Noticed Zenata
 45089 | Vaults:1 | Killed Zenata
 46416 | Vaults:1 | Got the Secrets of the Retinue
 46913 | Vaults:1 | Reached skill level 15 in Invocations
 46950 | Vaults:1 | Got the Monograph on Argyropoeia
 47365 | Vaults:1 | Got the Commentary on Frost
 47703 | Vaults:2 | Reached XP level 20. HP: 160/160 MP: 29/38
 48331 | Vaults:2 | Found a staircase to the Crypt.
 49329 | Vaults:3 | Found a magical portal.
 49329 | Vaults:3 | Noticed Asterion
 49341 | Vaults:3 | Found Axaebave's Jewellery Emporium.
 49411 | Vaults:3 | Reached skill level 15 in Spellcasting
 49457 | Vaults:3 | Found a flickering gateway to a bazaar.
 49463 | Bazaar   | Entered a bazaar
 49484 | Bazaar   | Found Palesomy's Weapon Boutique.
 49498 | Bazaar   | Found Mutsu's Antique Weapon Shop.
 49506 | Bazaar   | Bought a crystal war axe for 170 gold pieces
 49506 | Bazaar   | Identified the +5 war axe of Hurphog {venom, rElec rPois
                  | rN++ Will-} (You bought it in a shop in a bazaar)
 49526 | Bazaar   | Found Qeath's General Store.
 49540 | Bazaar   | Found Xiaceraq's Distillery.
 49548 | Bazaar   | Bought a potion of heal wounds for 40 gold pieces
 49548 | Bazaar   | Bought 2 potions of curing for 48 gold pieces
 49548 | Bazaar   | Bought a potion of curing for 24 gold pieces
 49548 | Bazaar   | Bought a potion of heal wounds for 40 gold pieces
 49629 | Vaults:3 | Killed Asterion
 50073 | Vaults:3 | Reached skill level 15 in Fighting
 50073 | Vaults:3 | Reached skill level 15 in Maces & Flails
 50073 | Vaults:3 | Reached skill level 15 in Dodging
 50341 | Vaults:3 | Identified the +0 rapier of the Pyrrhic Victory {flame,
                  | ^Drain rElec rCorr Str+6}
 50536 | Vaults:3 | Found Vyabuic's Assorted Antiques.
 50643 | Vaults:3 | Identified the +6 scimitar of the Hierophant {pain,
                  | ^Fragile rF+ Int+5}
 50670 | Vaults:3 | Identified the +2 mace of Context {freeze, rPois rC++ Str+4
                  | Dex-5}
 50680 | Vaults:3 | Identified the +5 chain mail of a Gauntlet {MP+9 Int+3
                  | Stlth+}
 50922 | Vaults:4 | Found a transporter.
 50928 | Vaults:4 | Found a bloodstained altar of Trog.
 50928 | Vaults:4 | Noticed Lobster4's ghost (adept HuAr)
 50940 | Vaults:4 | Found a transporter.
 51425 | Vaults:4 | Reached XP level 21. HP: 131/168 MP: 27/40
 52487 | Vaults:4 | Found Kolirene's Jewellery Shoppe.
 52498 | Vaults:4 | Bought the amulet of Teusmem {Faith rElec rF++ rC+} for 942
                  | gold pieces
 52720 | Vaults:4 | Reached skill level 15 in Throwing
 52720 | Vaults:4 | Reached skill level 15 in Armour
 53017 | Vaults:4 | Identified the +8 flail of the Eel {protect, ^Fragile rN++
                  | Dex+4 SInv}
 53084 | Vaults:4 | Found Tocugos's Antique Armour Boutique.
 53092 | Vaults:4 | Bought a pair of embroidered gloves for 307 gold pieces
 53351 | Depths:1 | Entered Level 1 of the Depths
 53550 | Elf:1    | Entered Level 1 of the Elven Halls
 53906 | Elf:1    | Reached skill level 15 in Long Blades
 53906 | Elf:1    | Reached skill level 15 in Axes
 53906 | Elf:1    | Reached skill level 15 in Polearms
 53906 | Elf:1    | Reached skill level 15 in Staves
 53906 | Elf:1    | Reached skill level 15 in Ranged Weapons
 53906 | Elf:1    | Reached skill level 15 in Stealth
 53906 | Elf:1    | Reached skill level 15 in Shields
 53906 | Elf:1    | Reached skill level 15 in Unarmed Combat
 53906 | Elf:1    | Reached skill level 15 in Evocations
 54236 | Elf:1    | Got Lital's Handbook of the Entourage
 55537 | Elf:2    | Found a runed translucent door.
 55614 | Elf:2    | Found a runed translucent door.
 56136 | Elf:2    | Identified the +13 shadow dragon scales "Humuut" {Harm
                  | rElec rCorr Str-4 Stlth++++}
 56221 | Elf:2    | Noticed Saint Roka
 56419 | Elf:2    | Killed Saint Roka
 56420 | Elf:2    | Reached XP level 22. HP: 89/167 MP: 29/42
 57460 | Elf:3    | Entered Level 3 of the Elven Halls
 58003 | Elf:3    | Noticed Donald
 58013 | Elf:3    | Killed Donald
 58723 | Elf:3    | Identified the ring "Boskenn" {AC+4 Str+3}
 58941 | Elf:3    | Identified the ring of Okawaru's Generosity {EV+5 Str+2}
 59190 | Elf:3    | Identified the +5 whip "Meippali" {flame, Int+4}
 59199 | Elf:3    | Identified the +7 great mace of Ifecra Wiad {freeze, Dex+3
                  | Stlth+}
 59392 | Elf:3    | Identified the staff of the Pharaoh's Fist {rC+++ Int-3
                  | Earth Alchemy}
 59395 | Elf:3    | Identified the staff "Vefed" {rC+ Str-3 Int+2 Summ Ice}
 59478 | Elf:3    | Identified the staff "Wowukhon" {rPois rF+ rN+ Necro Ice}
 59545 | Elf:3    | Got Sif Muna's Catalogue of the Vacuum
 59984 | Vaults:4 | Learned a level 5 spell: Yara's Violent Unravelling
 59991 | Vaults:4 | Learned a level 6 spell: Sculpt Simulacrum
 60031 | Vaults:4 | Killed Lobster4's ghost
 60124 | Vaults:4 | Identified the ring "Faecuun" {rC+ MP+9 Str-2 Int+6}
 60131 | Vaults:4 | Identified the +0 ring mail "Naofriv" {*Slow rN++ Str+4}
 60521 | Depths:1 | Found a one-way gateway to a ziggurat.
 60539 | Depths:1 | Noticed Norris
 60745 | Depths:1 | Found Ixzosif's Jewellery Shop.
 60860 | Depths:1 | Killed Norris
 61043 | D:15     | Learned a level 7 spell: Malign Gateway
 61144 | Depths:1 | Reached XP level 23. HP: 187/187 MP: 26/43
 61287 | Depths:1 | Found a gateway to Hell.
 61653 | Depths:1 | Identified the +1 pair of boots of Gozag's Wrath {rPois
                  | rF+}
 61751 | Depths:1 | Found a one-way gate to the infinite horrors of the Abyss.
 62013 | Depths:1 | Found a one-way gate to the infinite horrors of the Abyss.
 62098 | Depths:1 | Found a gateway to Hell.
 62200 | Depths:1 | Found a one-way gateway to a ziggurat.
 62457 | Depths:1 | Found Ixzosif's Jewellery Shop.
 63271 | Depths:2 | Reached skill level 15 in Shapeshifting
 63693 | Depths:2 | Noticed a juggernaut
 63711 | Depths:2 | Killed a juggernaut
 64015 | Depths:2 | Acquired 853 gold pieces
 64446 | Depths:2 | Found a one-way gate leading to the halls of Pandemonium.
 64578 | Depths:2 | Reached skill level 15 in Translocations
 64670 | Depths:2 | Found an ornate altar of the Wu Jian Council.
 65347 | Depths:3 | Reached XP level 24. HP: 199/199 MP: 35/44
 65389 | Depths:3 | Noticed a juggernaut
 65402 | Depths:3 | Killed a juggernaut
 65407 | Depths:3 | Noticed the Enchantress
 66263 | Depths:3 | Killed the Enchantress
 66611 | Depths:3 | Found a corrupted altar of Lugonu.
 67192 | Depths:4 | Entered Level 4 of the Depths
 67655 | Depths:4 | Found a gate to the Realm of Zot.
 67750 | Depths:4 | Found an iron altar of Okawaru.
 67750 | Depths:4 | Found a white marble altar of Elyvilon.
 67751 | Depths:4 | Found a hide-covered altar of Uskayaw.
 67776 | Depths:4 | Noticed a juggernaut
 67812 | Depths:4 | Killed a juggernaut
 68173 | Depths:4 | Identified the +3 rapier "Plog" {spect, Int+2}
 68216 | Depths:4 | Noticed a caustic shrike
 68223 | Depths:4 | Killed a caustic shrike
 68920 | Depths:4 | Noticed a caustic shrike
 68926 | Depths:4 | Killed a caustic shrike
 68929 | Depths:4 | Noticed a juggernaut
 68938 | Depths:4 | Killed a juggernaut
 68943 | Depths:4 | Identified the +3 great sword "Edoqegu" {speed, rN+ Str+3}
 69268 | Depths:4 | Reached XP level 25. HP: 184/208 MP: 35/44
 69808 | Depths:4 | Found a white marble altar of Elyvilon.
 69812 | Depths:4 | Found an iron altar of Okawaru.
 69817 | Depths:4 | Found a hide-covered altar of Uskayaw.
 70073 | Depths:4 | Found a gate to the Realm of Zot.
 70374 | Depths:4 | Learned a level 6 spell: Plasma Beam
 70774 | Crypt:1  | Entered Level 1 of the Crypt
 70859 | Vaults:3 | Bought a ring of see invisible for 195 gold pieces
 71049 | Crypt:1  | Noticed Margery
 71066 | Crypt:1  | Killed Margery
 71209 | Crypt:1  | Noticed Mennas
 72237 | Crypt:1  | Learned a level 7 spell: Enfeeble
 72829 | Crypt:1  | Killed Mennas
 74043 | Crypt:2  | Reached skill level 15 in Conjurations
 74043 | Crypt:2  | Reached skill level 15 in Hexes
 74043 | Crypt:2  | Reached skill level 15 in Summonings
 74043 | Crypt:2  | Reached skill level 15 in Necromancy
 74043 | Crypt:2  | Reached skill level 15 in Fire Magic
 74043 | Crypt:2  | Reached skill level 15 in Ice Magic
 74043 | Crypt:2  | Reached skill level 15 in Air Magic
 74043 | Crypt:2  | Reached skill level 15 in Earth Magic
 74043 | Crypt:2  | Reached skill level 15 in Alchemy
 74575 | Crypt:3  | Entered Level 3 of the Crypt
 75237 | Crypt:3  | Found a staircase to the Tomb.
 75626 | Crypt:3  | Upgraded the game from 0.32-a0-12-g7fc57aa741 to
                  | 0.32-a0-17-gb74e046682
 76792 | Crypt:3  | Found a basalt altar of Yredelemnul.
 76796 | Crypt:3  | Found an ancient bone altar of Kikubaaqudgha.
 76841 | Crypt:3  | Identified the staff of Jiajuela {rPois rC- Str+4 Stlth+
                  | Alchemy}
 76866 | Crypt:3  | Identified the +0 chain mail of Cuczyto {rC++}
 76866 | Crypt:3  | Identified the ring "Vemeetih" {rElec rPois AC+4 Str-3}
 77060 | Crypt:3  | Identified the +2 cloak of Daisies {rElec rF+ rC- Int+2}
 77416 | Crypt:3  | Found a staircase to the Tomb.
 77602 | Crypt:3  | Found an ancient bone altar of Kikubaaqudgha.
 77605 | Crypt:3  | Found a basalt altar of Yredelemnul.
 77703 | Crypt:3  | Reached XP level 26. HP: 204/220 MP: 33/45
 78150 | D:6      | Bought 2 scrolls of blinking for 450 gold pieces
 78392 | Vaults:5 | Entered Level 5 of the Vaults
 78474 | Vaults:5 | Noticed a dread lich
 78496 | Vaults:5 | Killed a dread lich
 79466 | Vaults:5 | Got a silver rune of Zot
 79995 | Vaults:5 | Identified the staff of the Three Loafs {rF+ Will- Int+4
                  | Dex+8 Fire}
 80172 | Vaults:5 | Noticed an ancient lich
 80189 | Vaults:5 | Killed an ancient lich
 80677 | Vaults:5 | Found Sump's General Store.
 80688 | Vaults:5 | Bought the ring "Repukiu" {rC+ Str+2 Slay+4} for 2020 gold
                  | pieces
 81476 | Vaults:5 | Found Sump's General Store.
 82105 | Spider:1 | Learned a level 9 spell: Fire Storm
 82561 | Zot:1    | Entered Level 1 of the Realm of Zot
 83451 | Zot:2    | Reached XP level 27. HP: 102/230 MP: 6/46
 88164 | Zot:4    | Found a transporter.
 88166 | Zot:4    | Found a transporter.
 88167 | Zot:4    | Found a transporter.
 89331 | Zot:4    | Found a transporter.
 89332 | Zot:4    | Found a transporter.
 89416 | Zot:4    | Found a transporter.
 89613 | Zot:5    | Entered Level 5 of the Realm of Zot
 89902 | Zot:5    | Noticed an orb of fire
 89909 | Zot:5    | Killed an orb of fire
 90765 | Zot:5    | Noticed a dread lich
 90776 | Zot:5    | Killed a dread lich
 90819 | Zot:5    | Noticed an orb of fire
 90827 | Zot:5    | Killed an orb of fire
 90899 | Zot:5    | Killed an ancient lich
 90907 | Zot:5    | Killed an orb of fire
 91108 | Zot:5    | Noticed an ancient lich
 91109 | Zot:5    | Noticed an ancient lich
 91116 | Zot:5    | Killed an ancient lich
 91120 | Zot:5    | Killed an ancient lich
 91343 | Zot:5    | Noticed an orb of fire
 91348 | Zot:5    | Killed an orb of fire
 91445 | Zot:5    | Noticed a dread lich
 91456 | Zot:5    | Killed a dread lich
 91649 | Zot:5    | Noticed a dread lich
 91663 | Zot:5    | Killed a dread lich
 91670 | Zot:5    | Noticed a dread lich
 91671 | Zot:5    | Noticed a dread lich
 91691 | Zot:5    | Killed a dread lich
 91691 | Zot:5    | Noticed an ancient lich
 91692 | Zot:5    | Noticed an orb of fire
 91694 | Zot:5    | Noticed an ancient lich
 91698 | Zot:5    | Killed a dread lich
 91700 | Zot:5    | Killed an orb of fire
 91701 | Zot:5    | Noticed a dread lich
 91709 | Zot:5    | Killed a dread lich
 92062 | Zot:5    | Killed an ancient lich
 92064 | Zot:5    | Killed an ancient lich
 93140 | Zot:5    | Learned a level 8 spell: Ignition
 93981 | Slime:1  | Entered Level 1 of the Pits of Slime
 94525 | Slime:1  | Gained mutation: Armour fits poorly on your strangely
                  | shaped body. [a shining eye]
 94913 | Slime:2  | Gained mutation: [You are dopey. (Int -2)] [a shining eye]
 95654 | Slime:3  | Found a viscous altar of Jiyva.
 95768 | Slime:4  | Noticed Dissolution
 95778 | Slime:3  | Killed Dissolution
 96216 | Slime:5  | Entered Level 5 of the Pits of Slime
 96240 | Slime:5  | Noticed the Royal Jelly
 96582 | Slime:5  | Found a viscous altar of Jiyva.
 96748 | Slime:5  | Killed the Royal Jelly
 97521 | Slime:5  | Identified the amulet "Rutute" {Faith rF+ Str-4 Int+3}
 97723 | Slime:5  | Identified the staff "Motuog" {^Fragile rF+ rN+ Str+3 Necro
                  | Air}
 97732 | Slime:5  | Identified the +9 plate armour "Ezeplew" {Str+7}
 97738 | Slime:5  | Identified the +0 plate armour "Kighup" {rC+}
 97773 | Slime:5  | Identified the +7 flail of Buureel {flame, rElec Str+2
                  | Int-3}
 97774 | Slime:5  | Identified the ring of Moral Flaws {Fly rN+ Int-2 Dex+7
                  | Slay+4}
 97789 | Slime:5  | Identified the +2 chain mail "Zuradof" {Harm}
 97792 | Slime:5  | Got Kiss's Elucidation of Angles
 97795 | Slime:5  | Identified the +2 cloak "Cixow" {rN+}
 97797 | Slime:5  | Got a slimy rune of Zot
 97798 | Slime:5  | Identified the +5 rapier "Kijuibasa" {drain, Stlth+}
 97821 | Slime:5  | Identified the +3 sling "Sokah" {freeze, rF- MP+9 Str+4
                  | SInv}
 97836 | Slime:5  | Identified the +5 orcbow of Insufficient Pleasure {freeze,
                  | rF+ Stlth+}
 97860 | Slime:5  | Identified the +4 sling "Fomyacoe" {drain, ^Drain rN+
                  | Str+4}
 97861 | Slime:5  | Identified the amulet of Guowozok {RegenMP rC- Regen+ rCorr
                  | Dex-3}
 99280 | Depths:1 | Voluntarily entered the Abyss.
 99384 | Abyss:2  | Found a corrupted altar of Lugonu.
 99518 | Abyss:3  | Paralysed by accursed screaming for 1 turns
 99672 | Abyss:3  | Found a corrupted altar of Lugonu.
 99911 | Abyss:3  | Got an abyssal rune of Zot
100057 | Depths:1 | Escaped the Abyss
100119 | Pan      | Entered Pandemonium
100483 | Pan      | Noticed Hownootwa the pandemonium lord
100495 | Pan      | Upgraded the game from 0.32-a0-17-gb74e046682 to
                  | 0.32-a0-18-g89e19f1974
101348 | Pan      | Noticed Huxim the pandemonium lord
101360 | Pan      | Upgraded the game from 0.32-a0-18-g89e19f1974 to
                  | 0.32-a0-20-ge526923d97
101379 | Pan      | Killed Huxim the pandemonium lord
101930 | Pan      | Identified the +6 scale mail of Ottuwup {rPois rF- Will-
                  | Str+8}
102113 | Pan      | Identified the ring of Uskayaw's Castigation {rPois rF++
                  | Str+3 Int-5}
103195 | Pan      | Entered the realm of Lom Lobon.
105093 | Pan      | Noticed Lom Lobon
105133 | Pan      | Killed Lom Lobon
105480 | Pan      | Got a magical rune of Zot
105811 | Pan      | Entered the realm of Cerebov.
105938 | Pan      | Identified the ring "Vibynk" {Fire rPois rCorr Int+5}
107049 | Pan      | Identified the +10 mace of Abomination {antimagic, rPois
                  | Str+2}
107049 | Pan      | Identified the ring of the Good {rF+ MP-9 EV+5 Str+4}
107078 | Pan      | Identified the +10 war axe of Ewouth {protect, Str+3}
107431 | Pan      | Reached skill level 27 in Short Blades
107492 | Pan      | Identified the +3 quarterstaff "Acuthiem" {flame, *Corrode
                  | rPois Dex+6}
108048 | Pan      | Found the +6 sword of Cerebov {flame}
108048 | Pan      | Noticed Cerebov
108303 | Pan      | Killed Cerebov
108386 | Pan      | Identified the staff "Wadiodd" {rC+ SInv Stlth+ Fire Ice}
108427 | Pan      | Identified the +8 short sword of Surchum {vamp, *Corrode
                  | rF+++ Dex+3 Stlth+}
108466 | Pan      | Got a fiery rune of Zot
108670 | Pan      | Identified the staff of Conscience {rC+ rN+++ Str-2 SInv
                  | Fire Ice}
108675 | Pan      | Got Duoczy's Almanac of Lethal Malevolent Deeds
108688 | Pan      | Identified the +1 robe "Cisoamp" {rC+ Dex+3}
108719 | Pan      | Identified the +0 rapier of Eternal Vigilance {flame,
                  | ^Fragile rF+ Int+4 Stlth+}
108723 | Pan      | Identified the staff "Pawubay" {Str+3 Conj}
109227 | Pan      | Found an exit through the horrors of the Abyss.
109235 | Pan      | Took an exit into the Abyss.
109235 | Abyss:3  | Escaped into the Abyss
109621 | Abyss:4  | Found a corrupted altar of Lugonu.
109626 | Depths:2 | Escaped the Abyss
110358 | Pan      | Entered Pandemonium
110438 | Pan      | Gained mutation: You are occasionally teleported next to
                  | monsters. [a cacodemon]
110443 | Pan      | Lost mutation: Armour fits poorly on your strangely shaped
                  | body. [potion of mutation]
110443 | Pan      | Lost mutation: [You are dopey. (Int -2)] [potion of
                  | mutation]
110443 | Pan      | Lost mutation: You are occasionally teleported next to
                  | monsters. [potion of mutation]
110443 | Pan      | Gained mutation: [You occasionally lose the ability to read
                  | scrolls when taking damage.] [potion of mutation]
110443 | Pan      | Gained mutation: Armour fits poorly on your strangely
                  | shaped body. [potion of mutation]
110443 | Pan      | Gained mutation: You have hidden genetic potential. [potion
                  | of mutation]
110443 | Pan      | Gained mutation: You are agile. (Dex +4, Str/Int -1)
                  | [potion of mutation]
110518 | Pan      | Entered the realm of Mnoleg.
110521 | Pan      | Got a glowing rune of Zot
110541 | Pan      | Noticed Mnoleg
110554 | Pan      | Gained mutation: Your magical capacity is low. (-10% MP) [a
                  | neqoxec]
110635 | Pan      | Entered the realm of Gloorx Vloq.
111237 | Pan      | Noticed Gloorx Vloq
111248 | Pan      | Killed Gloorx Vloq
111264 | Pan      | Got a dark rune of Zot
111286 | Pan      | Acquired a book of Annihilations
111288 | Pan      | Acquired 775 gold pieces
111598 | Pan      | Found an exit through the horrors of the Abyss.
111709 | Pan      | Noticed Lilomo the pandemonium lord
111711 | Pan      | Gained mutation: Your flesh is cold resistant. (rC+) [a
                  | cacodemon]
111728 | Pan      | Killed Lilomo the pandemonium lord
111747 | Pan      | Lost mutation: You are agile. (Dex +4, Str/Int -1) [potion
                  | of mutation]
111747 | Pan      | Lost mutation: [You occasionally lose the ability to read
                  | scrolls when taking damage.] [potion of mutation]
111747 | Pan      | Gained mutation: Your body sometimes deteriorates upon
                  | taking damage. [potion of mutation]
111747 | Pan      | Gained mutation: Your skin changes colour to match your
                  | surroundings (Stealth+). [potion of mutation]
111747 | Pan      | Gained mutation: Your system is resistant to poisons.
                  | (rPois) [potion of mutation]
112013 | Depths:2 | Escaped Pandemonium
112176 | D:15     | Learned a level 9 spell: Shatter
112326 | Pan      | Entered Pandemonium
112737 | Pan      | Reached skill level 27 in Fighting
113068 | Pan      | Found an exit through the horrors of the Abyss.
113135 | Pan      | Took an exit into the Abyss.
113135 | Abyss:4  | Escaped into the Abyss
113138 | Abyss:4  | Found a corrupted altar of Lugonu.
113273 | Abyss:4  | Found a bloodstained altar of Trog.
113374 | Depths:2 | Escaped the Abyss
113376 | Pan      | Entered Pandemonium
113376 | Pan      | Noticed Mnoleg
113390 | Pan      | Annihilated by a protean progenitor

Illustrated notes

Levels and vault maps discovered:
D:1:      minmay_arrival_radiant_lines, layout_basic, nrook_campfire
D:2:      layout_rooms, hellmonk_ecumenical_altar_watching_god,
          minmay_misc_feat_hallway, chequers_serial_rivers_small_a,
          minmay_cut_off, uniq_terence
D:3:      layout_basic
D:4:      minmay_skewed_foursquare, layout_loops_ring, lemuel_doored_altar
D:5:      layout_basic, old_standard_altar, minmay_temple_entry_wispy,
          serial_shops, nicolae_shop_behind_doors, st_stairs_13
D:6:      layout_rooms, grunt_temple_overflow_champion_of_chaos,
          mainiacjoe_overflow_catwalk_spiral, trog_antimagical, serial_shops,
          shop_coins, serial_undead, serial_undead_d, serial_undead_f,
          serial_undead_c, serial_undead_d, minmay_mini_ossuary
D:7:      layout_loops_ring
D:8:      layout_loops_ring, due_lair_maze_entry_diamond,
          gammafunk_ghost_cemetery
D:9:      layout_cave_pools, hiddenorc1_lemuel, uniq_psyche, uniq_joseph,
          uniq_jeremiah
D:10:     layout_roguey, gammafunk_ghost_grave, glass_columns_b, uniq_gastronok
D:11:     layout_basic, dreamdust_princess_corridor, kennysheep_windowed_goal
D:12:     layout_roguey, david_defended_altar_orc, uniq_erolcha
D:13:     layout_roguey, hellmonk_vaults_keyhole
D:14:     layout_roguey, drop_trap, hex_medium, uniq_louise
D:15:     gammafunk_enter_depths_forms, layout_basic, st_stairs_12,
          grunt_decor_arrowhead, minmay_stone_trees_small, uniq_kirke,
          uniq_nessos
Temple:   regret_index_temple_waves
Lair:1:   layout_regular_city
Lair:2:   layout_regular_city, elwin_shoals_entry_rocks, spider_nest_entry_webs,
          portal_ice_cave_entry_imps, nicolae_quartered_pool_impasse,
          st_stairs_8
Lair:3:   layout_chaotic_city
Lair:4:   cheibrodos_lair_overgrown_chateau, layout_cave_pods, worms_lemuel
Lair:5:   grunt_lair_end_beastmaster, layout_loops_ring,
          dpeg_slime_entry_corner, bh_autumn_forest_stairs,
          chequers_serial_rivers_room_b
Shoals:1: layout_shoals, nicolae_specific_store
Shoals:2: nicolae_shoals_lighthouse, layout_shoals, nicolae_shoals_flooded_hall,
          uniq_jorgrun
Shoals:3: layout_shoals, uniq_ilsuiw
Shoals:4: shoals_end_hellmonk_holy_island, uniq_bai_suzhen
Spider:1: layout_spider_delve
Spider:2: layout_spider_delve, special_room [special_room_bee],
          hangedman_stitches_earthworm
Spider:3: nicolae_spider_hilbert_zone_7 [nicolae_spider_hilbert_4_sides_1_open,
          nicolae_spider_hilbert_4_sides_1_open,
          nicolae_spider_hilbert_4_sides_1_open,
          nicolae_spider_hilbert_4_sides_1_open,
          nicolae_spider_hilbert_3_sides_1_open,
          nicolae_spider_hilbert_3_sides_1_open,
          nicolae_spider_hilbert_3_sides_1_open,
          nicolae_spider_hilbert_3_sides_1_open,
          nicolae_spider_hilbert_4_sides_1_open,
          nicolae_spider_hilbert_4_sides_1_open,
          nicolae_spider_hilbert_4_sides_1_open,
          nicolae_spider_hilbert_2_sides_1_open,
          nicolae_spider_hilbert_2_sides_1_open,
          nicolae_spider_hilbert_2_sides_1_open,
          nicolae_spider_hilbert_2_sides_1_open,
          nicolae_spider_hilbert_2_sides_1_open,
          nicolae_spider_hilbert_2_sides_1_open]
Spider:4: grunt_spider_rune_parallel, spiders_nest_spider_trap
Slime:1:  layout_caves
Slime:2:  layout_caves
Slime:3:  cheibrodos_slime_lost_civilization_9, layout_caves, basic_altar
Slime:4:  layout_caves, dissolution_awaits
Slime:5:  slime_pit_nicolae_amoeboid
Orc:1:    layout_caves, basic_altar
Orc:2:    st_orc_rangers, layout_caves, basic_altar, einodemon_barbed_minivault
Elf:1:    nicolae_elf_arrival_no_cutting_in_line, layout_gridlike,
          minmay_elf_demonology
Elf:2:    elven_hall_of_blades_hangedman_original
          [nicolae_blade_entry_splitting_headache], layout_onion_city,
          grunt_ministairs_8, kennysheep_underground_church, uniq_saint_roka
Elf:3:    minmay_elf_hall_spiked, layout_onion_city, nicolae_elf_crossing_hall,
          uniq_donald
Vaults:1: nicolae_vaults_tetromino_Z_2, nicolae_vaults_house_1,
          nicolae_vaults_surprise_closet, layout_vaults_omnigrid,
          serial_magic_research, hangedman_research_convocations,
          hangedman_research_thermodynamics, hangedman_research_toxicology,
          uniq_zenata
Vaults:2: minmay_crypt_entry_simple_statues, nicolae_vaults_murder_corner,
          nicolae_vaults_three_branches, v_alt_pattern_4,
          nicolae_vaults_tetromino_Z_2, v_rooms_4, v_misc_27, v_pattern_1,
          hangedman_vaults_capsules, vaults_room_fancy_cross,
          nicolae_vaults_trapezoid_4, nicolae_vaults_closet_pinwheel_4,
          vaults_dpeg_encased_lava, grunt_vaults_bifocal,
          ontoclasm_vaults_hangar, layout_vaults_omnibox
Vaults:3: mu_enter_wizlab_6, nicolae_vaults_octothorpe, v_misc_5,
          nicolae_vaults_little_ls, nicolae_vaults_trapezoid_1,
          nicolae_vaults_tangram_1, nicolae_vaults_quartermaster,
          nicolae_vaults_hexular_roomagon, vaults_mumra_minichess, v_pattern_4,
          nicolae_vaults_trapezoid_4, layout_vaults_big_room, serial_shops,
          bzr_entry_safe, nicolae_shop_tiny_real_fake_doors, shop, uniq_asterion
Vaults:4: gammafunk_ghost_wrathful_warriors, nicolae_vaults_tangram_2,
          v_misc_22, grunt_vaults_trifunnel, ontoclasm_vaults_idyll,
          nicolae_vaults_ring_of_whatevers, nicolae_vaults_trapezoid_layered,
          v_misc_4, v_misc_18, v_alt_pattern_2, nicolae_vaults_double_plus_1,
          v_misc_17, nicolae_vaults_circle_grid_a, nicolae_vaults_tetromino_L_2,
          nicolae_vaults_mini_display_case, hangedman_vaults_restitches,
          layout_vaults_maze_bifur, serial_shops, shop,
          nicolae_shop_advertising_works [nicolae_subvault_shop_adworks]
Vaults:5: serial_shops
Crypt:1:  layout_misc_corridors, st_stairs_10, grunt_ministairs_10, uniq_mennas,
          uniq_margery
Crypt:2:  minmay_shadows, layout_misc_corridors, serial_sigils_hangedman_quiver
Crypt:3:  lightli_unholy_cathedral, layout_chaotic_city,
          tomb_entry_sphere_bobbens, nicolae_crypt_grand_chamber
Depths:1: layout_basic, enter_ziggurat_b, nicolae_figureground_sparkle,
          nicolae_abyss_entry_one_way_or_another, hell_entry, serial_shops,
          nicolae_shop_statue_plus, hex_tiny,
          nicolae_concentric_dashed_squares_mild, st_stairs_1,
          minmay_misc_feat_secret_circle, minivault_15, serial_bayou_shore_b,
          uniq_norris
Depths:2: nooodl_heptagram, layout_gridlike,
          nicolae_wu_jian_immortal_techniques, hell_entry,
          rand_demon_pan_entry_1, nicolae_burly_brawl
Depths:3: minmay_curly_fans, layout_basic, chequers_serial_rivers_micro_a,
          hell_entry, abyss_entry_flame_altar, grunt_megastairs_2,
          infiniplex_staircase_pillars_3a, uniq_enchantress
Depths:4: hangedman_slaughterboxes, hell_entry, serial_shops
Zot:1:    layout_concentric_octagons
Zot:2:    layout_cathedral_of_symmetry, hangedman_zot_decor_checkerboard,
          zot_minivault_1, grunt_megastairs_1
Zot:3:    layout_gridlike, regret_index_zotdec_under_construction
Zot:4:    nicolae_moth_party, layout_basic, serial_nicolae_subway,
          nicolae_sub_station_crystal, nicolae_sub_station_stone,
          nicolae_sub_station_metal
Zot:5:    layout_basic, nicolae_lava_and_water
Pan:      nicolae_pan_hourglass, layout_basic, evilmike_mini_pan_corridor,
          layout_pan_divisions_a [pan_division_quadrant_a4,
          pan_division_quadrant_a2, pan_division_quadrant_a4,
          pan_division_quadrant_a6, pan_division_octagon_empty],
          grunt_pan_in_and_out, layout_gridville, pan_blood_fountain_2,
          lom_lobon_spiral_st, layout_cellular_growth,
          nicolae_pan_cerebovesque_1, evilmike_cerebov_lava, layout_long_grid,
          pan_blood_fountain_2, nicolae_pan_lom_lobonic_2, rand_demon_8,
          layout_gridlike, nicolae_pan_lom_lobonic_1, evilmike_mini_pan_doors_b,
          layout_irregular_city, gammafunk_its_a_trap, layout_irregular_city,
          mnoleg_grunt_wretched_star, layout_basic, gloorx_vloq,
          layout_grid_shapes, pan_blood_fountain,
          evilmike_mini_pan_other_thingy, layout_rooms, uniq_mnoleg,
          rand_demon_9, layout_irregular_city, evilmike_mini_pan_corridor,
          layout_gridlike, rand_demon_5, layout_pan_divisions_a
          [pan_division_quadrant_a4, pan_division_quadrant_a4,
          pan_division_quadrant_a3, pan_division_quadrant_a3,
          pan_division_octagon_empty], uniq_mnoleg, nicolae_pan_sigil_itan

Skill      XL: |  1  2  3  4  5  6  7  8  9 10 11 12 13 14 15 16 17 18 19 20 21 22 23 24 25 26 27 |
---------------+----------------------------------------------------------------------------------+-----
Spellcasting   | 5 6 7 8 9 10 11 12 13 14 15 16 17 18 19 22 | 22.5
Invocations    | 1 2 3 4 5 6 7 8 10 11 12 13 14 15 16 17 18 19 20 23 | 23.8
Short Blades   | 1 2 3 5 6 7 8 9 10 11 13 14 15 16 18 19 20 21 22 23 27 | 27.0
Long Blades    | 1 2 3 5 6 7 8 9 10 11 12 13 14 15 16 17 18 22 | 22.7
Axes           | 1 2 3 5 6 7 8 9 10 11 12 13 14 15 16 17 18 22 | 22.1
Polearms       | 1 2 3 5 6 7 8 9 10 11 12 13 14 15 16 17 18 22 | 22.7
Staves         | 1 2 3 5 6 7 8 9 10 11 12 13 14 15 16 17 18 22 | 22.1
Ranged Weapons | 1 2 3 5 6 7 8 9 10 11 12 13 14 15 16 17 18 22 | 22.1
Stealth        | 1 2 3 5 6 7 8 9 10 11 12 13 14 15 16 17 18 22 | 22.1
Shields        | 1 2 3 5 6 7 8 9 10 11 12 13 14 15 16 17 18 22 | 22.1
Unarmed Combat | 1 2 3 5 6 7 8 9 10 11 12 13 14 15 16 17 18 22 | 22.1
Evocations     | 1 2 3 5 6 7 8 9 10 11 12 13 14 15 16 17 18 22 | 22.1
Shapeshifting  | 1 2 3 4 5 6 7 8 9 10 11 12 13 14 15 16 17 20 | 20.5
Conjurations   | 1 2 3 4 5 6 7 8 9 10 11 12 13 14 15 18 | 18.9
Hexes          | 1 2 3 4 5 6 7 8 9 10 11 12 13 14 15 18 | 18.9
Summonings     | 1 2 3 4 5 6 7 8 9 10 11 12 13 14 15 18 | 18.9
Necromancy     | 1 2 3 4 5 6 7 8 9 10 11 12 13 14 15 18 | 18.9
Fire Magic     | 1 2 3 4 5 6 7 8 9 10 11 12 13 14 15 18 | 18.9
Ice Magic      | 1 2 3 4 5 6 7 8 9 10 11 12 13 14 15 18 | 18.9
Air Magic      | 1 2 3 4 5 6 7 8 9 10 11 12 13 14 15 16 21 | 21.6
Earth Magic    | 1 2 3 4 5 6 7 8 9 10 11 12 13 14 15 18 | 18.9
Alchemy        | 1 2 3 4 5 6 7 8 9 10 11 12 13 14 15 18 | 18.9
Throwing       | 3 4 5 6 7 8 9 10 11 12 13 14 15 16 17 18 19 25 | 25.5
Armour         | 3 4 5 6 7 8 9 10 11 12 13 14 15 16 17 18 22 | 22.2
Fighting       | 5 6 7 8 9 10 11 12 13 14 15 17 18 19 20 21 27 | 27.0
Maces & Flails | 5 6 7 8 9 10 11 12 13 14 15 16 17 18 19 22 | 22.5
Dodging        | 5 6 7 8 9 10 11 12 13 14 15 16 17 18 19 22 | 22.5
Translocations | 6 7 8 9 10 11 12 13 14 15 16 19 | 19.6

Action                     |  1- 3 |  4- 6 |  7- 9 | 10-12 | 13-15 | 16-18 | 19-21 | 22-24 | 25-27 || total
---------------------------+-------+-------+-------+-------+-------+-------+-------+-------+-------++-------
  Melee: Mace              |    56 |       |       |       |       |       |       |       |       ||    56
         Bite              |     3 |    24 |    58 |   132 |   248 |   258 |   276 |   221 |   976 ||  2196
         Punch             |     1 |       |    14 |     3 |       |       |       |       |       ||    18
         Flail             |    24 |   247 |    96 |    78 |    70 |       |       |       |       ||   515
         Whip              |       |       |   284 |    64 |       |       |       |       |       ||   348
         Rapier            |       |       |    34 |   519 |  1104 |   489 |   102 |       |       ||  2248
         Morningstar       |       |       |       |    54 |     4 |       |       |       |       ||    58
         Demon whip        |       |       |       |       |   162 |   377 |       |       |       ||   539
         Demon trident     |       |       |       |       |    26 |   952 |  1893 |   692 |  4073 ||  7636
         Eveningstar       |       |       |       |       |       |       |       |   943 |   516 ||  1459
         Trishula          |       |       |       |       |       |       |       |       |   610 ||   610
  Throw: Dart              |       |       |    20 |    19 |     8 |    45 |    33 |     1 |       ||   126
         Javelin           |       |       |       |       |       |       |       |     3 |   136 ||   139
   Cast: Blink             |     1 |     3 |     4 |    28 |     4 |     3 |     4 |     2 |    26 ||    75
         Lesser Beckoning  |       |     3 |     4 |    11 |     2 |    13 |       |     7 |    11 ||    51
         Mercury Vapours   |       |       |    28 |    39 |     7 |     5 |       |     3 |       ||    82
         Mephitic Cloud    |       |       |     4 |    19 |     4 |     6 |     2 |     1 |       ||    36
         Vhi's Electric Ch |       |       |     2 |    31 |    27 |    45 |    23 |    27 |    23 ||   178
         Manifold Assault  |       |       |       |     8 |    44 |   109 |   157 |   127 |    42 ||   487
         Teleport Other    |       |       |       |     1 |     2 |       |     2 |     1 |       ||     6
         Freezing Cloud    |       |       |       |       |    50 |    24 |     5 |     5 |       ||    84
         Fireball          |       |       |       |       |       |     4 |    28 |     1 |    27 ||    60
         Irradiate         |       |       |       |       |       |     4 |       |     3 |     2 ||     9
         Iskenderun's Myst |       |       |       |       |       |     1 |     3 |     6 |     6 ||    16
         Malign Gateway    |       |       |       |       |       |       |       |     2 |    52 ||    54
         Sculpt Simulacrum |       |       |       |       |       |       |       |     1 |     1 ||     2
         Plasma Beam       |       |       |       |       |       |       |       |       |    96 ||    96
         Enfeeble          |       |       |       |       |       |       |       |       |     5 ||     5
         Yara's Violent Un |       |       |       |       |       |       |       |       |    10 ||    10
         Fire Storm        |       |       |       |       |       |       |       |       |    36 ||    36
         Ignition          |       |       |       |       |       |       |       |       |    29 ||    29
         Shatter           |       |       |       |       |       |       |       |       |     1 ||     1
 Invoke: Bend Time         |       |       |       |     5 |       |     5 |       |     2 |     5 ||    17
         Slouch            |       |       |       |       |       |     1 |       |     3 |       ||     4
         Step From Time    |       |       |       |       |       |       |       |       |     2 ||     2
         Temporal Distorti |       |       |       |       |       |       |       |       |     1 ||     1
Ability: Evoke Invisibilit |       |       |       |       |       |     1 |     1 |       |       ||     2
  Evoke: Wand              |       |     3 |    12 |    33 |     2 |     8 |     3 |     4 |     3 ||    68
         Lightning rod     |       |       |       |       |       |       |     4 |     7 |     5 ||    16
         Box of beasts     |       |       |       |       |       |       |       |     1 |     5 ||     6
         Phantom mirror    |       |       |       |       |       |       |       |       |     2 ||     2
         Condenser vane    |       |       |       |       |       |       |       |       |     1 ||     1
    Use: Scroll            |       |     5 |     1 |    14 |    12 |    19 |    13 |    22 |    41 ||   127
         Potion            |       |     1 |     3 |     4 |     1 |     6 |     3 |     4 |    11 ||    33
   Stab: Sleeping          |       |    12 |     9 |     3 |    24 |    20 |    39 |    19 |    27 ||   153
         Invisible         |       |       |     2 |       |       |     2 |     3 |     7 |       ||    14
         Paralysed         |       |       |     2 |       |       |       |       |       |     2 ||     4
         Confused          |       |       |     2 |    11 |     4 |     6 |       |     5 |     4 ||    32
         Distracted        |       |       |       |       |     4 |     2 |     9 |     3 |    84 ||   102
         Held in net/web   |       |       |       |       |       |     1 |       |       |       ||     1
 Armour: Leather armour    |     4 |       |       |       |       |       |       |       |       ||     4
         Ring mail         |    56 |    50 |       |       |       |       |       |       |       ||   106
         Robe              |       |    79 |   289 |   132 |       |       |       |       |       ||   500
         Scale mail        |       |       |       |    22 |       |       |       |       |       ||    22
         Chain mail        |       |       |       |   192 |   331 |   377 |       |       |       ||   900
         Pearl dragon scal |       |       |       |       |       |   253 |   379 |   616 |  1352 ||  2600
  Dodge: Dodged            |    64 |   175 |   335 |   560 |   784 |  1340 |   810 |  1071 |  3733 ||  8872
  Block: Other             |       |       |    10 |    15 |       |       |       |       |       ||    25
         Buckler           |       |       |       |   406 |   844 |  1207 |   796 |   687 |  2474 ||  6414
         Reflection        |       |       |       |     7 |    85 |    44 |    46 |       |       ||   182

Table legend: (Time is in decaauts)
 A = Elapsed time spent in this place.
 B = Non-inter-level travel time spent in this place.
 C = Inter-level travel time spent in this place.
 D = Time resting spent in this place.
 E = Time spent auto-exploring this place.
 F = Levels seen in this place.
 G = Mean time per level.
                   A        B        C        D        E       F      G
               +--------+--------+--------+--------+--------+-----+--------+
         Total | 162005 | 143987 |  18018 |  17783 |  95131 |  78 | 2077.0 |
       Dungeon |  28353 |  22377 |   5976 |   2756 |  15453 |  15 | 1890.2 |
        Temple |      1 |      1 |      0 |      0 |      0 |   1 |    1.0 |
          Lair |  13338 |  11256 |   2082 |   1237 |   8154 |   5 | 2667.6 |
        Shoals |  11749 |  11158 |    591 |   1775 |   6878 |   4 | 2937.2 |
   Spider Nest |   9358 |   8820 |    538 |    565 |   6361 |   4 | 2339.5 |
    Slime Pits |   7048 |   6307 |    741 |    634 |   4444 |   5 | 1409.6 |
  Orcish Mines |   2297 |   1984 |    313 |     51 |   1541 |   2 | 1148.5 |
   Elven Halls |   8783 |   8099 |    684 |   1085 |   5090 |   3 | 2927.7 |
        Vaults |  18100 |  15281 |   2819 |    507 |  11970 |   5 | 3620.0 |
         Crypt |  10715 |   9986 |    729 |   1247 |   6684 |   3 | 3571.7 |
        Depths |  16984 |  14447 |   2537 |   1580 |  10551 |   4 | 4246.0 |
           Zot |  16589 |  15586 |   1003 |   1871 |  11442 |   5 | 3317.8 |
         Abyss |   2034 |   2034 |      0 |    316 |     96 |   6 |  339.0 |
   Pandemonium |  14732 |  14732 |      0 |   3280 |   6187 |  14 | 1052.3 |
        Bazaar |    225 |    225 |      0 |      0 |      0 |   1 |  225.0 |
      Ice Cave |   1693 |   1693 |      0 |    874 |    277 |   1 | 1693.0 |
               +--------+--------+--------+--------+--------+-----+--------+

Top non-repeatable levels by time:
Depths:4: 5247 daAuts
   Zot:5: 4755 daAuts
Vaults:5: 4559 daAuts
 Crypt:3: 4519 daAuts
Depths:1: 4466 daAuts
   Zot:2: 4449 daAuts
 Crypt:1: 4370 daAuts
Vaults:1: 4275 daAuts
Depths:2: 3898 daAuts
Shoals:4: 3471 daAuts
Vaults:2: 3414 daAuts
Vaults:4: 3399 daAuts
Depths:3: 3371 daAuts
  Lair:4: 3341 daAuts
   Elf:3: 3314 daAuts
